 Dungeon Crawl Stone Soup version 0.32-a0-834-geaf45d8e21 (webtiles) character file.

Game seed: 2446007944821999773

23 cforsyth the Caller (level 2, -2/15 HPs)
             Began as a Deep Elf Summoner on Mar 25, 2024.
             Slain by a quokka (3 damage)
             ... on level 1 of the Dungeon.
             The game lasted 00:01:54 (490 turns).

cforsyth the Caller (Deep Elf Summoner)              Turns: 490, Time: 00:01:55

Health: -2/15      AC:  2    Str:  5    XL:     2   Next: 72%
Magic:  6/8        EV: 11    Int: 19    God:
Gold:   48         SH:  0    Dex: 15    Spells: 5/8 levels left

rFire   . . .        (no weapon)
rCold   . . .        (no shield)
rNeg    . . .        a - +0 robe
rPois   .            (no helmet)
rElec   .            (no cloak)
rCorr   .            (no gloves)
SInv    .            (no boots)
Will    .....        (no amulet)
Stlth   ++           (no ring)
HPRegen 0.22/turn    (no ring)
MPRegen 0.11/turn

%: no passive effects
@: no status effects
A: no striking features
a: no special abilities


You were on level 1 of the Dungeon.
You visited 1 branch of the dungeon, and saw 1 of its levels.

You collected 48 gold pieces.


   Skills:
 - Level 2.4 Dodging
 - Level 2.4 Stealth
 + Level 3.9 Spellcasting
 + Level 4.9 Summonings


You had 5 spell levels left.
You knew the following spells:

 Your Spells              Type           Power      Damage    Failure   Level
c - Call Imp              Summ           44%        N/A       2%          2
z - Summon Small Mammal   Summ           88%        N/A       1%          1

Your spell library contained the following spells:

 Spells                   Type           Power      Damage    Failure   Level
 Call Canine Familiar     Summ           22%        N/A       5%          3
 Summon Blazeheart Golem  Fire/Summ      13%        N/A       45%         4
 Summon Lightning Spire   Summ/Air       13%        N/A       45%         4

Inventory:

Armour
 a - a +0 robe (worn)
Scrolls
 c - a scroll of identify {unknown}
 f - a scroll of enchant weapon {unknown}
Potions
 b - a potion of magic
 d - a potion of resistance {unknown}
 e - a potion of heal wounds {unknown}

Dungeon Overview and Level Annotations

Branches:
Dungeon (1/15)

Altars:

.......####.##....##...
............)........#..
.......######...........
.....#..####............
.......................#
##..###.####.#.........#
##.. .....#.#.........#
#### .#......5......#
###.#..@......#
#.##.r.....##
..#..........
#..#.........#
.............(
#####.........#
#.........# ##.......##


You could see a quokka (ally target) and a friendly cerulean imp (summoned).


Message History

You now have 48 gold pieces (gained 23).
Things that are here:
a +0 short sword; a +0 robe; a kobold corpse
Things that are here:
a +0 short sword; a +0 robe; a kobold corpse A quokka comes into view.
A quokka is nearby!
A quokka is nearby!
A quokka is nearby!
A quokka is nearby!
Your cerulean imp disappears in a puff of smoke!
Found 6 stones.
Casting: Call Imp (safe; 2% risk of failure)
Confirm with . or Enter, or press ? or * to list all spells.
A tiny devil pulls itself out of the air.
The quokka bites you but does no damage.
The quokka barely misses you.
You barely miss the quokka. The quokka bites you.
You hit the quokka but do no damage. The quokka bites you.
Your cerulean imp closely misses the quokka.
You barely miss the quokka. The quokka bites you.
Your cerulean imp barely misses the quokka.
You barely miss the quokka. The quokka bites you.
* * * LOW HITPOINT WARNING * * *
Your cerulean imp closely misses the quokka.
You barely miss the quokka. Your punch misses the quokka. The quokka bites you.
* * * LOW HITPOINT WARNING * * *
Your cerulean imp closely misses the quokka.
The quokka bites you.
You die...

Action                     || total
---------------------------++-------
  Melee: Unarmed           ||    21
   Cast: Summon Small Mamm ||    19
         Call Imp          ||     6
 Armour: Robe              ||    23
  Dodge: Dodged            ||    30

Levels and vault maps discovered:
D:1:      nzn_arrival_water_spiral, layout_rooms,
          shapermc_ecumenical_altar_mp_urbaneastern

Notes
Turn   | Place    | Note
-------+----------+-------------------------------------------
     0 | D:1      | cforsyth the Deep Elf Summoner began the quest for the Orb.
     0 | D:1      | Reached XP level 1. HP: 10/10 MP: 6/6
   107 | D:1      | Reached XP level 2. HP: 11/15 MP: 2/8
   260 | D:1      | Learned a level 2 spell: Call Imp
   490 | D:1      | HP: 1/15 [quokka (4)]
   490 | D:1      | Slain by a quokka

Vanquished Creatures
  A quokka (D:1)
  2 rats (D:1)
3 creatures vanquished.

Vanquished Creatures (collateral kills)
  3 ball pythons (D:1)
  An endoplasm (D:1)
  2 giant cockroaches (D:1)
  3 goblins (D:1)
  2 hobgoblins (D:1)
  2 kobolds (D:1)
  A quokka (D:1)
  2 frilled lizards (D:1)
  A rat (D:1)
17 creatures vanquished.

Grand Total: 20 creatures vanquished

Table legend: (Time is in decaauts)
 A = Elapsed time spent in this place.
 B = Non-inter-level travel time spent in this place.
 C = Inter-level travel time spent in this place.
 D = Time resting spent in this place.
 E = Time spent auto-exploring this place.
 F = Levels seen in this place.
 G = Mean time per level.
                   A        B        C        D        E       F      G
               +--------+--------+--------+--------+--------+-----+--------+
         Total |    490 |    490 |      0 |      0 |    270 |   1 |  490.0 |
       Dungeon |    490 |    490 |      0 |      0 |    270 |   1 |  490.0 |
               +--------+--------+--------+--------+--------+-----+--------+

Top non-repeatable levels by time:
     D:1: 490 daAuts

Table legend:
 A = Non-vault XP
 B = Vault XP
 C = Vault XP percentage of total XP
 D = Non-vault monster count
 E = Vault monster count
 F = Vault count percentage of total count
                 A         B        C        D         E       F
            +---------+---------+-------+---------+---------+-------
      Total |      33 |       0 |   0.0 |      20 |       0 |   0.0
            +---------+---------+-------+---------+---------+-------
        D:1 |      33 |       0 |   0.0 |      20 |       0 |   0.0
            +---------+---------+-------+---------+---------+-------
